 Dungeon Crawl Stone Soup version 0.25-b1-23-ge2ad7d536c (webtiles) character file.

Game seed: 16886653738318252697, levelgen mode: deterministic

19359 kathalu the Severer (level 12, -4/108 HPs)
             Began as a Minotaur Berserker on May 29, 2020.
             Was an Elder of Trog.
             Slain by a six-headed hydra (8 damage)
             ... on level 3 of the Lair of Beasts on May 31, 2020.
             The game lasted 00:59:02 (18922 turns).

kathalu the Severer (Minotaur Berserker)           Turns: 18922, Time: 00:59:02

Health: -4/108     AC: 19    Str: 26    XL:     12   Next: 35%
Magic:  11/11      EV: 10    Int:  4    God:    Trog [****..]
Gold:   647        SH:  5    Dex: 11    Spells: 11/11 levels left

rFire    . . .     SeeInvis +   u - +4 battleaxe (flame)
rCold    + . .     Gourm    .   (shield currently unavailable)
rNeg     . . .     Faith    .   o - +1 chain mail
rPois    .         Spirit   .   (helmet restricted)
rElec    .         Reflect  +   (no cloak)
rCorr    .         Harm     .   q - +0 pair of gloves
MR       .....                  (no boots)
Stlth    ..........             f - amulet of reflection
HPRegen  0.28/turn              e - +4 ring of protection
MPRegen  0.12/turn              B - ring of flight

@: berserk cooldown, slowed, very slow
A: retaliatory headbutt, horns 2, see invisible, cold resistance 1, subdued
magic 1
a: Berserk, Trog's Hand, Brothers in Arms, Renounce Religion, Evoke Flight


You were on level 3 of the Lair of Beasts.
You worshipped Trog.
Trog was greatly pleased with you.
You were hungry.

You visited 2 branches of the dungeon, and saw 12 of its levels.

You collected 647 gold pieces.

Inventory:

Hand Weapons
 u - a +4 battleaxe of flaming (weapon)
Missiles
 l - 243 stones (quivered)
 w - 3 boomerangs
Armour
 o - a +1 chain mail (worn)
 q - a +0 pair of gloves (worn)
Jewellery
 e - a +4 ring of protection (left hand)
 f - an amulet of reflection (around neck)
 B - a ring of flight (right hand)
Wands
 m - a wand of polymorph (16)
 n - a wand of acid (9)
 p - a wand of digging (4)
 y - a wand of iceblast (9)
 z - a wand of disintegration (9)
 A - a wand of enslavement (8)
 C - a wand of flame (30)
Scrolls
 a - a scroll of noise
 b - 3 scrolls of blinking
 d - 2 scrolls of remove curse
 i - a scroll of fog
 t - 4 scrolls of identify
 v - 2 scrolls of teleportation
Potions
 h - 2 potions of magic
 j - 2 potions of stabbing
 k - 3 potions of lignification
 r - a potion of flight
 D - 2 potions of mutation
Miscellaneous
 x - a lightning rod (4/4)
Comestibles
 c - 11 rations
 g - 4 chunks of flesh


   Skills:
 + Level 10.8 Fighting
 + Level 15.8 Axes
 + Level 4.1 Throwing
 + Level 13.9 Armour
 - Level 2.7 Dodging
 - Level 0.3 Stealth
 + Level 0.4 Evocations


You had 11 spell levels left.
You didn't know any spells.
Your spell library was empty.

Dungeon Overview and Level Annotations

Branches:
Dungeon (9/15)             Temple (0/1) D:6            Lair (3/6) D:9
  Swamp: Lair:2-4    Shoals: Lair:2-4     Snake: Lair:2-4    Spider: Lair:2-4
    Orc: D:9-12

Altars:
Fedhas
Gozag
Makhleb
Sif Muna
Trog
Wu Jian

Annotations:
D:5 2 transporters, SlimyGoodra's ghost, novice DrAE


Innate Abilities, Weirdness & Mutations

You reflexively headbutt those who attack you in melee.
You have a pair of horns on your head.
You have supernaturally acute eyesight. (SInv)
Your flesh is cold resistant. (rC+)
Your spells are a little easier to cast, but a little less powerful.


Message History

You are feeling hungry.
The six-headed hydra bites you but does no damage.
The six-headed hydra closely misses you. x2
The six-headed hydra bites you but does no damage. x2
You block the six-headed hydra's attack.
Okay, then.
You feel a strong urge to attack something.
You feel your anger nearly subside.
You are no longer berserk.
You are exhausted.
You feel yourself slow down.
You block the six-headed hydra's attack.
The six-headed hydra bites you but does no damage.
The six-headed hydra bites you!
* * * LOW HITPOINT WARNING * * *
The six-headed hydra bites you but does no damage.
The six-headed hydra bites you!
* * * LOW HITPOINT WARNING * * *
The six-headed hydra bites you!
You die...

..................##
..................#
.................#
#..†..........#
##.†..........#.#
#..†.P....$...#
#..÷.........##
#.D..........#
#..@.........#
##............#
####.#......##
###.......#
#.......# P?.....##
#......#


You could see a six-headed hydra.

Vanquished Creatures
  2 hydras
  A centaur zombie (D:9)
  2 black mambas (Lair:2)
  Psyche (D:9)
  2 spiny frogs (Lair:2)
  3 rime drakes
  3 komodo dragons (Lair:2)
  A polar bear (Lair:2)
  4 hippogriffs
  5 blink frogs
  20 yaks
  3 basilisks (Lair:2)
  8 water moccasins
  5 porcupines
  2 black bears
  5 ice beasts
  6 orc warriors
  2 sky beasts (D:9)
  A phantom (D:7)
  3 centaurs
  8 wolves
  2 ogres
  6 crocodiles
  9 bullfrogs
  A wyvern zombie (D:6)
  3 scorpions
  8 killer bees
  8 wights
  11 crimson imps
  A bullfrog zombie (D:6)
  3 jellies
  4 orc priests
  7 hounds
  3 centaur skeletons
  14 orc wizards
  A bullfrog skeleton (D:7)
  2 iguanas
  Terence (D:3)
  5 hell rats (Lair:2)
  6 worker ants
  2 killer bee zombies (D:6)
  A worker ant zombie (D:5)
  A howler monkey zombie (D:6)
  16 adders
  3 shadow imps
  2 adder zombies
  3 worms
  4 dart slugs
  4 leopard geckos
  39 orcs
  3 giant cockroaches
  7 goblins
  8 hobgoblins
  14 jackals
  5 kobolds
  A quokka (D:9)
  6 bats
  4 frilled lizards
  A jackal skeleton (D:4)
  A quokka skeleton (D:8)
  6 rats
  16 fungi (D:9)
  13 plants
342 creatures vanquished.

Vanquished Creatures (collateral kills)
  2 hydras
  3 blink frogs
  Grum (D:9)
  3 porcupines (D:9)
  A phantom (D:9)
  A wolf (D:9)
  A hell rat (Lair:2)
  7 orcs (D:9)
19 creatures vanquished.

Vanquished Creatures (others)
  An orc wizard (D:6)
  A bat (D:1)
  10 fungi (D:9)
  7 plants
19 creatures vanquished.

Grand Total: 380 creatures vanquished

Notes
Turn   | Place    | Note
-------+----------+-------------------------------------------
     0 | D:1      | kathalu the Minotaur Berserker began the quest for the Orb.
     0 | D:1      | Reached XP level 1. HP: 19/19 MP: 0/0
   219 | D:1      | Reached skill level 4 in Axes
   219 | D:1      | Reached XP level 2. HP: 27/27 MP: 1/1
   908 | D:1      | Reached XP level 3. HP: 33/33 MP: 2/2
   946 | D:1      | Reached ** piety under Trog
  1819 | D:2      | Reached XP level 4. HP: 19/41 MP: 3/3
  2794 | D:3      | Found a glowing drain.
  2830 | D:3      | Reached skill level 5 in Axes
  2935 | D:3      | Noticed Terence
  2946 | D:3      | Killed Terence
  2946 | D:3      | Reached XP level 5. HP: 47/47 MP: 4/4
  3360 | D:3      | Found a faded altar of an unknown god.
  3520 | D:4      | Reached *** piety under Trog
  3731 | D:4      | Reached skill level 6 in Axes
  3731 | D:4      | Reached XP level 6. HP: 48/55 MP: 5/5
  3778 | D:4      | Found a bloodstained altar of Trog.
  3788 | D:4      | Reached skill level 5 in Fighting
  4502 | D:5      | Entered Level 5 of the Dungeon
  4502 | D:5      | Noticed an ice beast
  4507 | D:5      | Killed an ice beast
  4507 | D:5      | Reached skill level 7 in Axes
  4507 | D:5      | Reached skill level 5 in Armour
  4555 | D:5      | Found a transporter.
  4558 | D:5      | Noticed SlimyGoodra's ghost (novice DrAE)
  4576 | D:5      | Found a transporter.
  4589 | D:5      | Reached XP level 7. HP: 59/61 MP: 6/6
  4878 | D:5      | Reached skill level 8 in Axes
  5713 | D:5      | Found a burning altar of Makhleb.
  6138 | D:6      | Reached XP level 8. HP: 47/69 MP: 7/7
  6627 | D:6      | Found a staircase to the Ecumenical Temple.
  6818 | D:6      | Reached skill level 9 in Axes
  6821 | D:6      | Reached **** piety under Trog
  6839 | D:6      | Found a shimmering blue altar of Sif Muna.
  7086 | D:6      | Reached skill level 10 in Axes
  7123 | D:6      | Found an opulent altar of Gozag.
  8256 | D:6      | Reached skill level 1 in Throwing
  8256 | D:6      | Reached XP level 9. HP: 77/77 MP: 8/8
  9291 | D:7      | Found a blossoming altar of Fedhas.
  9415 | D:7      | Found an ornate altar of the Wu Jian Council.
 10042 | D:7      | Reached skill level 10 in Armour
 10143 | D:8      | Reached ***** piety under Trog
 10802 | D:7      | Gained mutation: Your spells are a little easier to cast,
                  | but a little less powerful. [potion of mutation]
 10802 | D:7      | Gained mutation: You have supernaturally acute eyesight.
                  | (SInv) [potion of mutation]
 10802 | D:7      | Gained mutation: Your flesh is cold resistant. (rC+)
                  | [potion of mutation]
 11063 | D:8      | Reached skill level 11 in Axes
 11189 | D:8      | Reached XP level 10. HP: 74/86 MP: 9/9
 12296 | D:9      | Noticed Grum
 12312 | D:9      | Found a staircase to the Lair.
 12315 | D:9      | Killed Grum
 12328 | D:9      | Reached skill level 12 in Axes
 13177 | D:9      | Received a gift from Trog
 13331 | D:9      | Noticed Psyche
 13337 | D:9      | Killed Psyche
 13974 | Lair:1   | Entered Level 1 of the Lair of Beasts
 13983 | Lair:1   | Noticed a six-headed hydra
 13988 | Lair:1   | Killed a five-headed hydra
 13988 | Lair:1   | Reached skill level 13 in Axes
 14269 | Lair:1   | Reached XP level 11. HP: 93/95 MP: 10/10
 15317 | Lair:1   | Noticed a five-headed hydra
 15326 | Lair:1   | Killed a two-headed hydra
 15617 | Lair:1   | Reached skill level 14 in Axes
 15865 | Lair:2   | Noticed a seven-headed hydra
 15881 | Lair:2   | Killed a seven-headed hydra
 16613 | Lair:2   | Reached skill level 10 in Fighting
 17481 | Lair:2   | Reached skill level 15 in Axes
 17623 | Lair:2   | Reached XP level 12. HP: 92/106 MP: 11/11
 18129 | Lair:2   | Noticed a seven-headed hydra
 18138 | Lair:2   | Killed a three-headed hydra
 18909 | Lair:3   | Noticed a seven-headed hydra
 18922 | Lair:3   | HP: 4/108 [six-headed hydra (8)]
 18922 | Lair:3   | Slain by a six-headed hydra

Illustrated notes

Levels and vault maps discovered:
D:1:      dpeg_arrival_water_fire, layout_loops_ring, minmay_pentomino_w2
D:2:      layout_loops_corners
D:3:      layout_basic, gup_sewer_entry_glass, chequers_ecumenical_altar_island,
          uniq_terence
D:4:      layout_cave_pods, first_ration, trog_three_pillars_becter
D:5:      layout_basic, gammafunk_ghost_stat_death, makhleb_heckhound_becter
D:6:      layout_loops_ring, grunt_gozag_breadcrumbs,
          minmay_temple_entry_overgrown, led_sif_book
D:7:      layout_loops_ring, minmay_misc_feat_more_columns, grunt_ogre_cave,
          hangedman_feature_mirror
D:8:      layout_basic
D:9:      layout_basic, due_lair_maze_entry_diamond, special_room
          [special_room_orc], uniq_grum, uniq_psyche
Lair:1:   beast_lair_carwin_large_1, layout_chaotic_city, minivault_24
Lair:2:   layout_cave_pods, minmay_shattered_shrine
Lair:3:   layout_big_grid, nicolae_swamp_entry_splash_gauntlet,
          grunt_megastairs_2, lemuel_fruit_tree, uniq_sonja

Skill      XL: |  1  2  3  4  5  6  7  8  9 10 11 |
---------------+----------------------------------+-----
Axes           | 4 5 6 7 8 10 11 13 15 | 15.8
Fighting       | 4 5 6 7 8 10 | 10.8
Armour         | 3 4 5 7 8 11 12 13 | 13.9
Throwing       | 1 3 4 |  4.1
Dodging        | |  2.7
Stealth        | |  0.3
Evocations     | |  0.4

Action                   |  1- 3 |  4- 6 |  7- 9 | 10-12 || total
-------------------------+-------+-------+-------+-------++-------
Melee: Hand axe          |    82 |   102 |   263 |       ||   447
       Headbutt          |     9 |     9 |    62 |    91 ||   171
       War axe           |       |       |    22 |   133 ||   155
       Battleaxe         |       |       |       |   221 ||   221
Throw: Stone             |       |    10 |    64 |    17 ||    91
Invok: Berserk           |     2 |     5 |    13 |     8 ||    28
       Brothers in Arms  |       |       |       |     6 ||     6
       Trog's Hand       |       |       |       |     1 ||     1
Evoke: Wand              |       |       |     1 |     1 ||     2
       Phantom mirror    |       |       |       |     1 ||     1
  Use: Scroll            |       |     4 |    14 |     6 ||    24
       Potion            |       |     1 |     3 |     5 ||     9
 Stab: Sleeping          |     1 |       |       |       ||     1
       Distracted        |       |       |       |     1 ||     1
  Eat: Chunk             |     3 |    12 |    11 |    25 ||    51
       Ration            |       |     1 |     7 |     2 ||    10
Armor: Animal skin       |     1 |       |       |       ||     1
       Ring mail         |    40 |    28 |       |       ||    68
       Chain mail        |       |    14 |   125 |   194 ||   333
Dodge: Dodged            |    52 |    55 |   112 |   156 ||   375
Block: Other             |       |     5 |    71 |   102 ||   178
       Reflection        |       |     1 |     7 |     1 ||     9
